 Dungeon Crawl Stone Soup version 0.31-a0-691-g409c26aa35 (webtiles) character file.

Game seed: 8292524653074650895

2325 lunkers the Martial Artist (level 10, -1/74 HPs)
             Began as a Meteoran Shapeshifter on Sept 5, 2023.
             Was a Believer of Ru.
             Slain by an orc
             ... wielding a +0 trident
              (3 damage)
             ... while petrified by a basilisk
             ... on level 8 of the Dungeon on Sept 6, 2023.
             The game lasted 00:10:32 (3473 turns).

lunkers the Martial Artist (Meteoran Shapeshifter)  Turns: 3473, Time: 00:10:32

Health: -1/74      AC:  8    Str: 22    XL:     10   Next: 1%
Magic:  11/11      EV:  1    Int: 11    God:    Ru [**....]
Gold:   484        SH:  0    Dex: 18    Spells: 9/9 levels left

rFire   + .          .
                       - Unarmed
rCold   . . .        (shield currently unavailable)
rNeg    + + +        h - melded +1 scale mail
rPois   ∞            (helmet currently unavailable)
rElec   .            (cloak currently unavailable)
rCorr   .            (gloves currently unavailable)
SInv    .            (boots currently unavailable)
Will    +....        (no amulet)
Stlth   +            g - +5 ring of evasion
HPRegen 0.32/turn    p - ring of protection from fire
MPRegen 0.12/turn

%: no passive effects
@: snake-form, petrified, glowing
A: constrict, large, sense surroundings 2, hated by all, no conjurations magic,
no fire magic, no hexes magic, otherworldly, glowing, explore regen
a: Begin Untransformation, Renounce Religion


You were on level 8 of the Dungeon.
You worshipped Ru.
Ru was pleased with you.
You were an enormous anaconda.
You visited 1 branch of the dungeon, and saw 8 of its levels.
You also visited: Sewer.

You collected 484 gold pieces.

Inventory:

Armour
 a - a +0 animal skin
 h - a +1 scale mail (melded)
 v - +0 acid dragon scales
Jewellery
 g - a +5 ring of evasion (left hand)
 p - a ring of protection from fire (right hand)
 r - a ring of positive energy
Talismans
 c - a beast talisman
 d - a flux talisman
 e - a maw talisman
 i - a serpent talisman (active)
Wands
 s - a wand of acid (11)
 x - a wand of flame (13)
Scrolls
 f - 3 scrolls of teleportation
 j - a scroll of immolation
 t - a scroll of poison
 w - a scroll of identify
Potions
 b - 2 potions of might
 k - 3 potions of enlightenment
 m - 2 potions of ambrosia
 n - a potion of curing {unknown}
 o - 2 potions of magic
 q - a potion of brilliance {unknown}
 u - a potion of lignification


   Skills:
 - Level 1.1 Fighting
 - Level 2.1 Dodging
 * Level 12.4 Unarmed Combat
 + Level 8.7 Shapeshifting


You had 9 spell levels left.
You didn't know any spells.
Your spell library contained the following spells:

 Spells                   Type           Power      Damage    Failure   Level
 Airstrike                Air            0%         2d(0-16)  98%         4
 Magic Dart               Conj           Unusable   1d3       N/A         1
 Call Imp                 Summ           Unusable   N/A       N/A         2
 Static Discharge         Conj/Air       Unusable   2-2/arc   N/A         2
 Mephitic Cloud           Conj/Pois/Air  Unusable   N/A       N/A         3
 Summon Lightning Spire   Summ/Air       Unusable   N/A       N/A         4

Dungeon Overview and Level Annotations

Branches:
Dungeon (8/15) Zot: 1807   Temple (0/1) D:7            Lair (0/5) D:8
  Sewer (visited)

Altars:
Ru


Innate Abilities, Weirdness & Mutations

You are an enormous anaconda.
You have a powerful constriction melee attack.
You are immune to poison.
Your armour is entirely melded.
You are incapable of wielding weapons or throwing items.
You passively map the area around you.
You are hated by all.
You cannot study or cast Conjurations magic.
You cannot study or cast Fire magic.
You cannot study or cast Hexes magic.
You are easily found by Zot.
You glow in the dark.
You regain HP and MP as you explore.


Message History

The gnoll bouda begins to pray, but is stunned by your conviction!
Your attacks no longer feel as feeble.
The gnoll hits you with a +0 whip.
The black bear begins to attack, but is stunned by your conviction!
The orc hits you but does no damage. The basilisk bites you. The yak gores you.
The gnoll hits you with a +0 whip. The black bear bites you!
* * * LOW HITPOINT WARNING * * *
The black bear claws you.
* * * LOW HITPOINT WARNING * * *
The black bear claws you but does no damage.
The orc hits you but does no damage. The yak gores you!
* * * LOW HITPOINT WARNING * * *
The basilisk gazes at you.
The gnoll is no longer moving quickly.
The gnoll is stunned by your conviction and fails to attack.
The yak gores you but does no damage.
The two-headed ogre hits you with a +0 giant spiked club!
* * * LOW HITPOINT WARNING * * *
The two-headed ogre hits you with a +0 giant club!!
* * * LOW HITPOINT WARNING * * *
The orc hits you from afar with a +0 trident.
* * * LOW HITPOINT WARNING * * *
The basilisk bites you!
* * * LOW HITPOINT WARNING * * *
The gnoll bouda begins to pray, but is stunned by your conviction!
The black bear bites you.
* * * LOW HITPOINT WARNING * * *
The black bear claws you but does no damage.
The black bear claws you.
* * * LOW HITPOINT WARNING * * *
The elephant tramples you but does no damage.
The elephant trunk-slaps you.
* * * LOW HITPOINT WARNING * * *
The gnoll hits you with a +0 whip.
* * * LOW HITPOINT WARNING * * *
The yak gores you!
* * * LOW HITPOINT WARNING * * *
The gnoll bouda begins to pray, but is stunned by your conviction!
The orc hits you from afar with a +0 trident!
You die...

, , , , , * , *
*#... ..##.. * ,,
, ####...#...#.# *
* * ,,
...........$.## ,
, , ,,,
##............) ,
* , ,
........(......,,,
, * , *
#...g........** ,
###...Yg.....# * *
,*, . ,#....gOS..#
,* ,
,.O..#.#...lhY.#*
** ,, ,
,......)..o....# ,
.?............# ,,
, >.............#
* ,,
..............# *
......#......... *
* ,
....#.#..$....#..
....#.#.....(.#..


You could see an elephant, a two-headed ogre, a yak, a basilisk, a black bear, a
gnoll bouda, 2 gnolls and an orc.

Vanquished Creatures
  An acid dragon (D:7)
  A water moccasin (D:7)
  2 orc warriors
  Duvessa (D:4)
  A sky beast (D:7)
  2 centaurs
  2 phantoms
  3 kobold brigands (Sewer)
  3 scorpions
  3 wights (D:7)
  Dowan (D:4)
  A howler monkey (D:4)
  2 hounds
  A jelly (D:6)
  3 orc priests
  A sleepcap (D:7)
  Natasha (twice) (D:2)
  Terence (D:3)
  5 orc wizards
  7 iguanas
  A gnoll (D:8)
  6 adders
  3 river rats (Sewer)
  An ufetubus (D:4)
  A worm (D:3)
  2 dart slugs
  27 orcs
  5 ball pythons
  4 endoplasms
  7 giant cockroaches
  7 goblins
  5 hobgoblins
  4 jackals
  11 kobolds
  15 quokkas
  7 bats
  10 frilled lizards
  5 rats
164 creatures vanquished.

Notes
Turn   | Place    | Note
-------+----------+-------------------------------------------
     0 | D:1      | lunkers the Meteoran Shapeshifter began the quest for the
                  | Orb.
     0 | D:1      | Reached XP level 1. HP: 16/16 MP: 2/2
    73 | D:1      | Reached skill level 4 in Unarmed Combat
    73 | D:1      | Reached XP level 2. HP: 15/23 MP: 3/3
   109 | D:1      | Reached XP level 3. HP: 14/28 MP: 4/4
   483 | D:2      | Noticed Natasha
   493 | D:2      | Killed Natasha
   494 | D:2      | Reached skill level 5 in Unarmed Combat
   494 | D:2      | Reached XP level 4. HP: 26/35 MP: 5/5
   535 | D:2      | Noticed Natasha
   546 | D:2      | Killed Natasha
   547 | D:2      | Reached XP level 5. HP: 24/40 MP: 6/6
   772 | D:3      | Noticed Terence
   790 | D:3      | Killed Terence
   832 | D:3      | Found a sacrificial altar of Ru.
   843 | D:3      | Reached skill level 6 in Unarmed Combat
   850 | D:3      | Became a worshipper of Ru the Awakened
   905 | D:3      | Reached XP level 6. HP: 47/47 MP: 7/7
  1146 | D:4      | Noticed Dowan
  1147 | D:4      | Noticed Duvessa
  1156 | D:4      | Reached skill level 5 in Shapeshifting
  1158 | D:4      | Killed Dowan
  1178 | D:4      | Killed Duvessa
  1179 | D:4      | Reached skill level 7 in Unarmed Combat
  1179 | D:4      | Reached XP level 7. HP: 25/52 MP: 8/8
  1362 | D:4      | Reached skill level 8 in Unarmed Combat
  1459 | D:4      | Reached XP level 8. HP: 59/59 MP: 9/9
  1499 | D:5      | Entered Level 5 of the Dungeon
  1542 | D:5      | Found a glowing drain.
  1568 | D:5      | Reached skill level 9 in Unarmed Combat
  1570 | Sewer    | Entered a sewer
  1600 | Sewer    | Gained mutation: You are hated by all. [Ru sacrifice]
  1600 | Sewer    | Reached * piety under Ru
  2030 | D:5      | Reached skill level 10 in Unarmed Combat
  2118 | D:5      | Upgraded the game from 0.31-a0-675-g238779eb0a to
                  | 0.31-a0-691-g409c26aa35
  2135 | D:5      | Gained mutation: You passively map the area around you.
                  | [Meteoran growth]
  2135 | D:5      | Reached XP level 9. HP: 51/64 MP: 10/10
  2734 | D:6      | Reached skill level 11 in Unarmed Combat
  2940 | D:7      | Found a staircase to the Ecumenical Temple.
  3134 | D:7      | Reached skill level 12 in Unarmed Combat
  3228 | D:7      | Reached XP level 10. HP: 46/71 MP: 11/11
  3407 | D:7      | Gained mutation: You cannot study or cast Fire magic. [Ru
                  | sacrifice]
  3407 | D:7      | Gained mutation: You cannot study or cast Hexes magic. [Ru
                  | sacrifice]
  3407 | D:7      | Gained mutation: You cannot study or cast Conjurations
                  | magic. [Ru sacrifice]
  3407 | D:7      | Reached ** piety under Ru
  3457 | D:8      | Found a staircase to the Lair.
  3457 | D:8      | Noticed an elephant
  3460 | D:8      | Noticed a two-headed ogre
  3473 | D:8      | HP: 2/74 [yak (4)]
  3473 | D:8      | Slain by an orc

Illustrated notes

Levels and vault maps discovered:
D:1:      dpeg_arrival_oval, layout_basic, patterned_corridor
D:2:      layout_rooms, minmay_shallow_snake_nest, uniq_sigmund, uniq_natasha
D:3:      layout_basic, nicolae_ru_great_annihilating_truth, uniq_terence
D:4:      layout_basic, grunt_ministairs_11, uniq_duvessa
D:5:      layout_basic, gup_sewer_entry_pipe, corner_web_ring, minivault_24,
          st_stairs_13
D:6:      layout_basic
D:7:      layout_loops_cross, temple_pool_b, bh_walls_and_bars
D:8:      layout_rooms, mainiacjoe_overflow_concentric_impassable,
          david_lair_generic, uniq_maggie, uniq_jeremiah

Skill      XL: |  1  2  3  4  5  6  7  8  9 |
---------------+----------------------------+-----
Unarmed Combat | 4 5 6 7 8 10 12 | 12.4
Shapeshifting  | 4 5 6 7 8 |  8.7
Fighting       | |  1.1
Dodging        | |  2.1

Action                     |  1- 3 |  4- 6 |  7- 9 | 10-12 || total
---------------------------+-------+-------+-------+-------++-------
  Melee: Unarmed           |    78 |    95 |   254 |     4 ||   431
         Punch             |     1 |     4 |     6 |       ||    11
         Constrict         |       |       |    31 |     2 ||    33
 Invoke: Sacrifice Love    |       |       |     1 |       ||     1
         Sacrifice Arcana  |       |       |       |     1 ||     1
    Use: Scroll            |       |     2 |    12 |     1 ||    15
         Potion            |       |     2 |       |       ||     2
 Armour: Animal skin       |    54 |     2 |       |       ||    56
         Scale mail        |       |    26 |    53 |       ||    79
         Skin              |       |    33 |    57 |    43 ||   133
  Dodge: Dodged            |    44 |    44 |   152 |     4 ||   244
   Form: Anaconda          |       |       |     1 |       ||     1

Table legend: (Time is in decaauts)
 A = Elapsed time spent in this place.
 B = Non-inter-level travel time spent in this place.
 C = Inter-level travel time spent in this place.
 D = Time resting spent in this place.
 E = Time spent auto-exploring this place.
 F = Levels seen in this place.
 G = Mean time per level.
                   A        B        C        D        E       F      G
               +--------+--------+--------+--------+--------+-----+--------+
         Total |   3423 |   3337 |     86 |     19 |   2369 |   9 |  380.3 |
       Dungeon |   2991 |   2905 |     86 |     19 |   2052 |   8 |  373.9 |
         Sewer |    431 |    431 |      0 |      0 |    317 |   1 |  431.0 |
               +--------+--------+--------+--------+--------+-----+--------+

Top non-repeatable levels by time:
     D:5: 545 daAuts
     D:7: 531 daAuts
   Sewer: 431 daAuts
     D:6: 417 daAuts
     D:3: 416 daAuts
     D:1: 394 daAuts
     D:4: 390 daAuts
     D:2: 275 daAuts
     D:8: 19 daAuts
